 Dungeon Crawl Stone Soup version 0.27.1-3-gb3d3a73c9e (webtiles) character file.

Game seed: 8932974150619713241

242 Urokeeper the Sneak (level 6, 0/47 HPs)
             Began as a Human Brigand on Oct 5, 2021.
             Slain by an orc (3 damage)
             ... on level 3 of the Dungeon.
             The game lasted 00:10:47 (3134 turns).

Urokeeper the Sneak (Human Brigand)                 Turns: 3134, Time: 00:10:47

Health: 0/47       AC:  6    Str: 12    XL:     6   Next: 30%
Magic:  2/2        EV: 13    Int: 11    God:
Gold:   105        SH:  0    Dex: 16    Spells: 5/5 levels left

rFire    . . .     SeeInvis .   m - +2 dagger (antimagic)
rCold    . . .     Faith    .   (no shield)
rNeg     . . .     Spirit   .   b - +0 robe
rPois    +         Reflect  .   p - +0 helmet
rElec    .         Harm     .   c - +0 cloak
rCorr    .         Rampage  .   (no gloves)
Will     .....                  o - +1 pair of boots
Stlth    +++.......             (no amulet)
HPRegen  0.15/turn              j - ring of flight
MPRegen  0.08/turn              n - ring of poison resistance

@: flying
A: no striking features
a: no special abilities


You were on level 3 of the Dungeon.
You visited 1 branch of the dungeon, and saw 3 of its levels.

You collected 105 gold pieces.

Inventory:

Hand Weapons
 a - a +2 dagger
 l - a +2 long sword of electrocution
 m - a +2 antimagic dagger (weapon)
Missiles
 d - 42 poisoned darts (quivered)
Armour
 b - a +0 robe (worn)
 c - a +0 cloak (worn)
 o - a +1 pair of boots (worn)
 p - a +0 helmet (worn)
Jewellery
 j - a ring of flight (left hand)
 n - a ring of poison resistance (right hand)
Scrolls
 g - a scroll of teleportation
 i - 3 scrolls of identify {unknown}
Potions
 f - a potion of heal wounds {unknown}
 h - a potion of curing {unknown}
 k - a potion of might {unknown}


   Skills:
 + Level 3.3 Fighting
 + Level 3.5 Short Blades
 - Level 2.0 Throwing
 + Level 2.9 Dodging
 + Level 5.1 Stealth


You had 5 spell levels left.
You didn't know any spells.
Your spell library contained the following spells:

 Spells                   Type           Power      Damage    Failure   Level
 Stone Arrow              Conj/Erth      0%         3d7       71%         3
 Bolt of Magma            Conj/Fire/Erth 0%         4d4       100%        5
 Shatter                  Erth           0%         3d5*      100%        9


Dungeon Overview and Level Annotations

Branches:
Dungeon (3/15)

Altars:

Annotations:
D:3 1 runed translucent door, Crazy Yiuf


Message History

You barely miss the orc priest.
The orc priest is severely wounded.
The orc priest hits you with a +0 club. The orc hits you but does no damage.
You barely miss the orc priest.
The orc priest is severely wounded.
The orc priest hits you but does no damage.
The orc hits you with a +0 whip.
You hit the orc priest but do no damage.
The orc priest is severely wounded.
The orc priest calls down the wrath of Beogh upon you.
Pain shoots through your body!
* * * LOW HITPOINT WARNING * * *
The orc closely misses you.
You hit the orc priest.
The orc priest is almost dead.
The orc priest hits you but does no damage.
The orc hits you but does no damage.
You hit the orc priest but do no damage.
The orc priest is almost dead.
The orc priest invokes the aid of Beogh against you.
Pain shoots through your body!
* * * LOW HITPOINT WARNING * * *
You hit the orc priest but do no damage.
The orc priest is almost dead.
The orc closely misses you.
You hit the orc priest.
You kill the orc priest!
The orc hits you but does no damage.
Items here: )))) [ ††.
Throw: dart (curare)
Press: ? - help, Q - select action, (/) - cycle Shift-Dir - straight line, f - orc
Aim: an orc, wielding a +0 whip and wearing a +0 ring mail (65% to hit)
You throw a curare-tipped dart. The curare-tipped dart hits the orc.
The orc is poisoned.
The orc convulses.
The orc seems to slow down.
The orc is moderately wounded.
You hit the orc.
The orc is heavily wounded.
The orc hits you with a +0 whip.
You die...

##.#.## #########.#...##
#........###...# #.#####.##
##... .# ##.###.### #.# ##.#..#
#.# ##.#.# #######.#### ###'##
#....@o....# ##...##
#.##.##.#..# ##.....# ##
#.##.##....# ##.....<.
##...#####.##.......###........
....o.oo.o............'........
##...#####.##..#....###........
#. #.##.......# ##.......
#..>......## ##.....#
#####.##### ##...##


You could see an orc (very poisoned, slow).

Vanquished Creatures
  3 orc priests (D:3)
  An orc wizard (D:3)
  3 adders
  A gnoll (D:3)
  2 worms (D:3)
  3 dart slugs
  9 orcs (D:3)
  5 endoplasms
  5 giant cockroaches
  5 goblins
  9 hobgoblins
  4 kobolds
  4 ball pythons
  3 bats
  9 frilled lizards
  10 rats
76 creatures vanquished.

Notes
Turn   | Place    | Note
-------+----------+-------------------------------------------
     0 | D:1      | Urokeeper the Human Brigand began the quest for the Orb.
     0 | D:1      | Reached XP level 1. HP: 16/16 MP: 1/1
   134 | D:1      | Reached XP level 2. HP: 21/22 MP: 2/2
   688 | D:1      | Reached XP level 3. HP: 26/28 MP: 3/3
  1324 | D:2      | Reached XP level 4. HP: 30/34 MP: 4/4
  2205 | D:3      | Reached XP level 5. HP: 31/40 MP: 1/5
  2462 | D:3      | Found a runed translucent door.
  2463 | D:3      | Noticed Crazy Yiuf
  2965 | D:3      | Reached skill level 5 in Stealth
  2965 | D:3      | Reached XP level 6. HP: 37/47 MP: 2/6
  3134 | D:3      | Slain by an orc

Illustrated notes

Levels and vault maps discovered:
D:1:      mrwooster_arrival_statue, layout_loops_corners, solitary_fountain,
          lemuel_flame_loot_1
D:2:      layout_basic, minivault_4, minmay_tromino_v4_b
D:3:      layout_loops_corners, minmay_circle_x, uniq_crazy_yiuf_cottage

Skill      XL: |  1  2  3  4  5 |
---------------+----------------+-----
Dodging        | 2 |  2.9
Short Blades   | 3 |  3.5
Fighting       | 3 |  3.3
Stealth        | 5 |  5.1
Throwing       | |  2.0

Action                   |  1- 3 |  4- 6 || total
-------------------------+-------+-------++-------
Melee: Dagger            |    92 |   198 ||   290
Throw: Dart              |       |     3 ||     3
  Use: Scroll            |       |     1 ||     1
 Stab: Sleeping          |    14 |    10 ||    24
       Distracted        |     1 |     1 ||     2
Armor: Robe              |    12 |    36 ||    48
Dodge: Dodged            |    40 |    64 ||   104
